Flames vs Blues

Created - March 2, 2021 at 20:58

Goals
1 2 3 T
Flames 1 1 1 3
Blues 2 0 2 4
Shots
1 2 3 T
Flames 11 14 10 35
Blues 10 10 14 34

1st period

1. Flames , Alexander Radulov 17 (Alexander Semin 36, Erik Johnson 24) at 0:33
2. Blues , Anthony Mantha 9 (Martin Marincin 2, Fabian Brunnstrom 20) at 2:14
3. Blues , David Perron 18 (Kevin Hayes 13, Ryan O'Reilly 25) at 10:41

Penalties :
Eric Staal (Cal) for Hooking (Minor) at 16:08

2nd period

4. Flames , Brad Marchand 14 (David Backes 25, Colby Robak 12) at 11:37

Penalties :
David Backes (Cal) for Hooking (Minor) at 1:31, Christian Folin (Cal) for Holding (Minor) at 9:18, Filip Forsberg (STL) for Hooking (Minor) at 13:17, Ryan O'Reilly (STL) for Holding (Minor) at 19:31, Martin Marincin (STL) for High sticking (Minor) at 0:00

3rd period

5. Flames , Brad Marchand 15 (Patrik Berglund 19, Sami Vatanen 22) at 1:15 (PP)
6. Blues , Fabian Brunnstrom 13 (Tyler Johnson 43, Alex Pietrangelo 46) at 8:05
7. Blues , Nicklas Backstrom 27 (Tyler Johnson 44, David Perron 22) at 17:31 (PP)

Penalties :
Brandon Yip (STL) for Hooking (Minor) at 12:55, Colby Robak (Cal) for Hooking (Minor) at 16:39, David Backes (Cal) for Interference (Minor) at 18:59

Goalie Stats

Henrik Lundqvist (Cal), 30 saves from 34 shots - (0.882), L, 25-13-5, 60:00 minutes
Carey Price (STL), 32 saves from 35 shots - (0.914), W, 26-12-5, 60:00 minutes

Players Stats for Flames

Player Name              G  A  P  +/- PIM S  H  SB GA TA FO     MP     PP MP  PK MP  
------------------------------------------------------------------------------------
Alexander Radulov        1  0  1  -1  0   5  0  1  0  0  1/1    16:17   3:30   0:00 
Alexander Semin          0  1  1  -1  0   2  3  0  0  0  1/1    20:32   3:30   3:56 
Anders Lee               0  0  0   0  0   0  0  1  0  0  1/1     6:30   0:00   0:00 
Brad Marchand            2  0  2   0  0   5  4  0  0  1  0/0    20:31   2:56   1:45 
Brendan Mikkelson        0  0  0   1  0   0  0  2  0  0  0/0    11:13   0:00   0:16 
Christian Folin          0  0  0   1  2   0  1  1  1  0  0/0    11:08   0:00   0:00 
Colby Robak              0  1  1  -1  2   4  2  1  0  0  0/0    20:26   2:27   2:28 
Colin Wilson             0  0  0   0  0   0  2  0  0  1  8/13   14:20   0:00   3:43 
David Backes             0  1  1   0  4   1  4  0  1  2  0/1    17:42   0:00   2:08 
David Ullstrom           0  0  0   0  0   0  0  0  0  0  0/0     6:36   0:30   0:00 
Derek Meech              0  0  0  -1  0   1  0  1  0  0  0/0    20:43   2:27   2:44 
Eric Staal               0  0  0  -1  2   1  4  1  1  2  11/30  18:25   3:30   0:00 
Erik Johnson             0  1  1  -1  0   3  0  2  1  1  0/0    28:20   3:59   5:05 
Jimmy Hayes              0  0  0   0  0   6  1  0  1  0  1/1    12:57   2:26   0:00 
Kyle Palmieri            0  0  0   0  0   1  1  0  0  1  0/0     6:06   0:00   0:00 
Patrik Berglund          0  1  1   0  0   2  1  0  0  1  9/20   20:16   2:56   3:57 
Sami Vatanen             0  1  1  -1  0   0  0  1  2  1  0/0    28:20   3:59   5:05 
Steve Regier             0  0  0   0  0   4  0  0  1  0  0/0    11:44   0:00   0:09 

Players Stats for Blues

Player Name              G  A  P  +/- PIM S  H  SB GA TA FO     MP     PP MP  PK MP  
------------------------------------------------------------------------------------
Alex Pietrangelo         0  1  1  -1  0   5  0  1  1  1  0/0    27:29   5:26   0:44 
Anthony Mantha           1  0  1   2  0   2  0  0  0  1  0/1    10:04   0:00   0:00 
Brandon Yip              0  0  0  -1  2   0  1  0  0  0  0/0     7:26   0:00   0:00 
Cody Ceci                0  0  0   0  0   0  1  1  0  0  0/0    16:31   0:00   4:17 
David Perron             1  1  2   0  0   7  0  0  2  0  1/1    19:13   4:58   0:56 
Drew Shore               0  0  0   2  0   1  1  0  0  0  10/16  12:51   0:00   2:47 
Fabian Brunnstrom        1  1  2   2  0   3  2  0  3  0  0/0    11:19   0:00   1:13 
Filip Forsberg           0  0  0   0  2   0  1  0  0  1  0/2    18:23   2:51   0:36 
Jacob Slavin             0  0  0   2  0   1  0  1  0  1  0/0    15:07   2:23   1:04 
Jake Gardiner            0  0  0  -1  0   2  3  0  1  3  0/0    23:35   5:26   1:37 
Kevin Hayes              0  1  1   0  0   1  2  0  0  0  1/1    16:17   2:51   0:00 
Linus Omark              0  0  0  -1  0   0  0  0  0  0  0/0     7:25   0:00   0:00 
Martin Marincin          0  1  1   2  2   0  2  0  0  0  0/0    13:52   0:00   3:01 
Nicklas Backstrom        1  0  1   0  0   2  0  0  1  0  16/30  20:30   4:58   0:57 
Ryan Murray              0  0  0   0  0   1  2  0  0  1  0/0    23:39   2:23   2:09 
Ryan O'Reilly            0  1  1   0  2   3  0  0  0  0  6/13   17:58   2:51   1:34 
Tyler Johnson            0  2  2   0  0   2  2  1  2  0  1/2    23:11   4:58   3:33 
Vincent Lecavalier       0  0  0  -1  0   4  1  0  0  0  1/2     7:25   0:00   0:00 

3 Stars

1 - Brad Marchand (Cal)
2 - Fabian Brunnstrom (STL)
3 - David Perron (STL)

Power Play

Flames - 1 on 4 Attempt(s) - 25.00%
Blues - 1 on 5 Attempt(s) - 20.00%

Penalty Kill

Flames - 4 on 5 Attempt(s) - 80.00% - Score 0 goal in Penalty Kill
Blues - 3 on 4 Attempt(s) - 75.00% - Score 0 goal in Penalty Kill

Team Stat

Flames - Hits : 23 - Faceoff Wins : 32 - Blocked Shots : 11 - Penalty Minutes : 10
Blues - Hits : 18 - Faceoff Wins : 36 - Blocked Shots : 4 - Penalty Minutes : 8

Official

Referees : Unknown
Linesman : Unknown

Game Notes

No Game Note

Finance

Level 1 -- Attendance: 4573 (76.22%) -- Ticket Income $525,895
Level 2 -- Attendance: 3565 (71.30%) -- Ticket Income $267,375
Level 3 -- Attendance: 1410 (70.50%) -- Ticket Income $70,500
Level 4 -- Attendance: 3167 (79.18%) -- Ticket Income $110,845
Luxury Box -- Attendance: 672 (67.20%) -- Ticket Income $151,200
Game was played at the Scotttrade center.
Total Attendance: 13387 (74.37%)
Total Ticket Income: $1,125,815
Other Income: $168,872
Total Income: $1,294,687

Flames

5 vs 5 Forward 
   Center                   Left Wing                Right Wing               Time % Phy DF OF 
 1 Eric Staal               Brad Marchand            David Backes             40     1   2  2  
 2 Patrik Berglund          Alexander Semin          Alexander Radulov        33     1   2  2  
 3 Colin Wilson             Steve Regier             Jimmy Hayes              19     1   2  2  
 4 Anders Lee               David Ullstrom           Kyle Palmieri            8      1   2  2  

5 vs 5 Defense 
   Defense                  Defense                                           Time % Phy DF OF 
 1 Erik Johnson             Sami Vatanen                                      38     1   2  2  
 2 Derek Meech              Colby Robak                                       29     2   2  1  
 3 Christian Folin          Brendan Mikkelson                                 23     2   2  1  
 4 Derek Meech              Colby Robak                                       10     2   2  1  

PowerPlay Forward 
   Center                   Left Wing                Right Wing               Time % Phy DF OF 
 1 Eric Staal               Alexander Semin          Alexander Radulov        60     1   2  2  
 2 Patrik Berglund          Brad Marchand            Jimmy Hayes              40     1   2  2  

PowerPlay Defense
   Defense                  Defense                                           Time % Phy DF OF 
 1 Erik Johnson             Sami Vatanen                                      60     1   2  2  
 2 Derek Meech              Colby Robak                                       40     1   2  2  

Penalty Kill 4 Players Forward 
   Center                   Wing                     Time % Phy DF OF 
 1 Patrik Berglund          David Backes             50     1   3  1  
 2 Colin Wilson             Alexander Semin          50     1   3  1  

Penalty Kill 4 Players Defense
   Defense                  Defense                  Time % Phy DF OF 
 1 Erik Johnson             Sami Vatanen             58     1   3  1  
 2 Derek Meech              Colby Robak              42     1   3  1  

Penalty Kill - 3 Players Forward 
   Forward                                           Time % Phy DF OF 
 1 Eric Staal                                        50     1   4  0  
 2 Brad Marchand                                     50     1   4  0  

Penalty Kill - 3 Players Defense
   Defense                  Defense                  Time % Phy DF OF 
 1 Erik Johnson             Sami Vatanen             58     1   4  0  
 2 Derek Meech              Colby Robak              42     1   4  0  

4 vs 4 Forward 
   Center                   Wing                     Time % Phy DF OF 
 1 Eric Staal               Alexander Semin          60     2   2  1  
 2 Colin Wilson             Brad Marchand            40     2   2  1  

4 vs 4 Defense
   Defense                  Defense                  Time % Phy DF OF 
 1 Erik Johnson             Sami Vatanen             60     2   2  1  
 2 Derek Meech              Colby Robak              40     2   2  1  

Last Minutes Offensive
   Center                   Left Wing                Right Wing               Defense                  Defense                  
   Eric Staal               Alexander Semin          David Backes             Erik Johnson             Sami Vatanen             

Last Minutes Defensive
   Center                   Left Wing                Right Wing               Defense                  Defense                  
   Eric Staal               Alexander Semin          David Backes             Erik Johnson             Sami Vatanen             

Goaltenders
Starting : Henrik Lundqvist         
Backup : Christopher Gibson       

Extra Forwards
Normal : Brad Marchand, Alexander Semin, David Ullstrom - PP : David Ullstrom, Colin Wilson - PK : Brad Marchand
Extra Defensemen
Normal : Sami Vatanen, Derek Meech, Colby Robak - PP : Derek Meech - PK : Brendan Mikkelson, Christian Folin
Penalty Shots
Eric Staal, Alexander Semin, David Backes, Brad Marchand, Patrik Berglund

Scratches
None

Blues

5 vs 5 Forward 
   Center                   Left Wing                Right Wing               Time % Phy DF OF 
 1 Nicklas Backstrom        Filip Forsberg           Tyler Johnson            40     1   2  2  
 2 Ryan O'Reilly            David Perron             Kevin Hayes              30     1   2  2  
 3 Drew Shore               Fabian Brunnstrom        Anthony Mantha           20     1   2  2  
 4 Vincent Lecavalier       Linus Omark              Brandon Yip              10     1   2  2  

5 vs 5 Defense 
   Defense                  Defense                                           Time % Phy DF OF 
 1 Alex Pietrangelo         Ryan Murray                                       40     1   2  2  
 2 Cody Ceci                Jake Gardiner                                     30     1   2  2  
 3 Martin Marincin          Jacob Slavin                                      20     1   2  2  
 4 Alex Pietrangelo         Jake Gardiner                                     10     1   2  2  

PowerPlay Forward 
   Center                   Left Wing                Right Wing               Time % Phy DF OF 
 1 Nicklas Backstrom        David Perron             Tyler Johnson            60     1   1  3  
 2 Ryan O'Reilly            Filip Forsberg           Kevin Hayes              40     1   1  3  

PowerPlay Defense
   Defense                  Defense                                           Time % Phy DF OF 
 1 Alex Pietrangelo         Jake Gardiner                                     60     1   2  2  
 2 Jacob Slavin             Ryan Murray                                       40     1   2  2  

Penalty Kill 4 Players Forward 
   Center                   Wing                     Time % Phy DF OF 
 1 Drew Shore               Tyler Johnson            60     1   3  1  
 2 Ryan O'Reilly            David Perron             40     1   3  1  

Penalty Kill 4 Players Defense
   Defense                  Defense                  Time % Phy DF OF 
 1 Martin Marincin          Cody Ceci                60     2   3  0  
 2 Ryan Murray              Jake Gardiner            40     2   3  0  

Penalty Kill - 3 Players Forward 
   Forward                                           Time % Phy DF OF 
 1 Nicklas Backstrom                                 60     1   2  2  
 2 Tyler Johnson                                     40     1   2  2  

Penalty Kill - 3 Players Defense
   Defense                  Defense                  Time % Phy DF OF 
 1 Alex Pietrangelo         Cody Ceci                60     1   2  2  
 2 Ryan Murray              Martin Marincin          40     1   2  2  

4 vs 4 Forward 
   Center                   Wing                     Time % Phy DF OF 
 1 Nicklas Backstrom        Tyler Johnson            60     1   2  2  
 2 Ryan O'Reilly            David Perron             40     1   2  2  

4 vs 4 Defense
   Defense                  Defense                  Time % Phy DF OF 
 1 Alex Pietrangelo         Cody Ceci                60     1   2  2  
 2 Jake Gardiner            Martin Marincin          40     1   2  2  

Last Minutes Offensive
   Center                   Left Wing                Right Wing               Defense                  Defense                  
   Nicklas Backstrom        David Perron             Tyler Johnson            Alex Pietrangelo         Jake Gardiner            

Last Minutes Defensive
   Center                   Left Wing                Right Wing               Defense                  Defense                  
   Drew Shore               David Perron             Tyler Johnson            Martin Marincin          Cody Ceci                

Goaltenders
Starting : Carey Price              
Backup : Pascal Leclaire          

Extra Forwards
Normal : Kevin Hayes, Vincent Lecavalier, Ryan O'Reilly - PP : Linus Omark, Nicklas Backstrom - PK : Filip Forsberg
Extra Defensemen
Normal : Cody Ceci, Jake Gardiner, Ryan Murray - PP : Martin Marincin - PK : Jacob Slavin, Jake Gardiner
Penalty Shots
David Perron, Vincent Lecavalier, Filip Forsberg, Tyler Johnson, Nicklas Backstrom

Scratches
Simon Gagné (Healthy), Yann Sauvé (Left Knee Injury)

% Time on Ice - Flames

Lines # - Real PCT - Wanted PCT - Time Play
Normal Forward
1 - 32% - 40% - 14:46
2 - 32% - 33% - 14:30
3 - 23% - 19% - 10:37
4 - 13% - 8% - 5:47
Normal Defense
1 - 42% - 38% - 19:11
2 - 28% - 29% - 12:59
3 - 24% - 23% - 10:57
4 - 6% - 10% - 2:33
PP Forward
1 - 54% - 60% - 3:30
2 - 46% - 40% - 2:56
PP Defense
1 - 62% - 60% - 3:59
2 - 38% - 40% - 2:27
PK Forward
1 - 51% - 50% - 3:57
2 - 49% - 50% - 3:52
PK Defense
1 - 65% - 58% - 5:05
2 - 35% - 42% - 2:44
PK3 Forward
1 - 0% - 50%
2 - 0% - 50%
PK3 Defense
1 - 0% - 58%
2 - 0% - 42%
44 Forward
1 - 0% - 60%
2 - 0% - 40%
44 Defense
1 - 0% - 60%
2 - 0% - 40%
Last Minute Offensive  - 0:05
Last Minute Defensive  - 0:00
Total
Forward - 60:00
Defense - 60:00

% Time on Ice - Blues

Lines # - Real PCT - Wanted PCT - Time Play
Normal Forward
1 - 32% - 40% - 14:37
2 - 30% - 30% - 13:34
3 - 22% - 20% - 10:04
4 - 16% - 10% - 7:25
Normal Defense
1 - 43% - 40% - 19:43
2 - 28% - 30% - 12:56
3 - 23% - 20% - 10:27
4 - 6% - 10% - 2:34
PP Forward
1 - 64% - 60% - 4:58
2 - 36% - 40% - 2:51
PP Defense
1 - 70% - 60% - 5:26
2 - 30% - 40% - 2:23
PK Forward
1 - 82% - 60% - 4:14
2 - 18% - 40% - 0:56
PK Defense
1 - 69% - 60% - 3:33
2 - 31% - 40% - 1:37
PK3 Forward
1 - 58% - 60% - 0:44
2 - 42% - 40% - 0:32
PK3 Defense
1 - 58% - 60% - 0:44
2 - 42% - 40% - 0:32
44 Forward
1 - 0% - 60%
2 - 0% - 40%
44 Defense
1 - 0% - 60%
2 - 0% - 40%
Last Minute Offensive  - 0:00
Last Minute Defensive  - 0:05
Total
Forward - 60:00
Defense - 60:00

Play-by-Play

1st period


0:01 of 1st period - Nicklas Backstrom wins face-off versus Eric Staal in neutral zone.
0:26 of 1st period - Ryan O'Reilly is hit by Alexander Semin and loses puck.
0:31 of 1st period - Snap shot by Alexander Semin.
0:31 of 1st period - Stopped by Carey Price with a rebound.
0:33 of 1st period - Snap shot by Alexander Radulov.
0:33 of 1st period - Goal by Alexander Radulov - Flames : 1 - Blues : 0.
0:34 of 1st period - Colin Wilson wins face-off versus Drew Shore in neutral zone.
0:37 of 1st period - Snap shot by Jimmy Hayes.
0:37 of 1st period - Stopped by Carey Price without a rebound.
0:38 of 1st period - Drew Shore wins face-off versus Colin Wilson in Blues zone.
1:17 of 1st period - Snap shot by Alexander Radulov.
1:17 of 1st period - Stopped by Carey Price without a rebound.
1:18 of 1st period - Nicklas Backstrom wins face-off versus Eric Staal in Blues zone.
1:28 of 1st period - Filip Forsberg is hit by David Backes and loses puck.
1:54 of 1st period - Snap shot by Erik Johnson.
1:54 of 1st period - Deflect By Kyle Palmieri.
1:54 of 1st period - Stopped by Carey Price with a rebound.
2:12 of 1st period - Snap shot by Anthony Mantha.
2:12 of 1st period - Shot Misses the Net.
2:14 of 1st period - Slapshot by Martin Marincin.
2:14 of 1st period - Deflect By Anthony Mantha.
2:14 of 1st period - Goal by Anthony Mantha - Flames : 1 - Blues : 1.
2:15 of 1st period - Eric Staal wins face-off versus Nicklas Backstrom in neutral zone.
2:26 of 1st period - Slapshot by Alex Pietrangelo.
2:26 of 1st period - Stopped by Henrik Lundqvist with a rebound.
2:30 of 1st period - Snap shot by Nicklas Backstrom.
2:30 of 1st period - Shot Misses the Net.
2:32 of 1st period - Wrist shot by Filip Forsberg.
2:32 of 1st period - Shot Misses the Net.
2:42 of 1st period - Kevin Hayes is hit by Alexander Semin.
3:52 of 1st period - Snap shot by Tyler Johnson.
3:52 of 1st period - Shot Misses the Net.
4:58 of 1st period - Slapshot by Tyler Johnson.
4:58 of 1st period - Shot Blocked by Anders Lee.
5:13 of 1st period - Off-side.
5:14 of 1st period - Eric Staal wins face-off versus Vincent Lecavalier in neutral zone.
5:47 of 1st period - Snap shot by David Backes.
5:47 of 1st period - Deflect By Vincent Lecavalier.
5:47 of 1st period - Stopped by Carey Price without a rebound.
5:48 of 1st period - Patrik Berglund wins face-off versus Nicklas Backstrom in Blues zone.
6:25 of 1st period - Wrist shot by David Perron.
6:25 of 1st period - Stopped by Henrik Lundqvist with a rebound.
7:07 of 1st period - Snap shot by Alex Pietrangelo.
7:07 of 1st period - Stopped by Henrik Lundqvist without a rebound.
7:08 of 1st period - Eric Staal wins face-off versus Nicklas Backstrom in Flames zone.
7:15 of 1st period - Derek Meech is hit by Ryan Murray and loses puck.
7:26 of 1st period - Eric Staal is hit by Ryan Murray and loses puck.
7:40 of 1st period - Wrist shot by Alexander Semin.
7:40 of 1st period - Shot Misses the Net.
7:42 of 1st period - Wrist shot by Patrik Berglund.
7:42 of 1st period - Shot Blocked by Cody Ceci.
7:44 of 1st period - Slapshot by Colby Robak.
7:44 of 1st period - Stopped by Carey Price without a rebound.
7:45 of 1st period - Patrik Berglund wins face-off versus Ryan O'Reilly in Blues zone.
8:20 of 1st period - Wrist shot by Eric Staal.
8:20 of 1st period - Shot Blocked by Alex Pietrangelo.
8:22 of 1st period - Wrist shot by Brad Marchand.
8:22 of 1st period - Shot Misses the Net.
8:24 of 1st period - Backhand shot by Eric Staal.
8:24 of 1st period - Shot Misses the Net.
8:42 of 1st period - Slapshot by Erik Johnson.
8:42 of 1st period - Deflect By Jake Gardiner.
8:42 of 1st period - Stopped by Carey Price with a rebound.
8:44 of 1st period - Wrist shot by Jimmy Hayes.
8:44 of 1st period - Stopped by Carey Price without a rebound.
8:45 of 1st period - Ryan O'Reilly wins face-off versus Patrik Berglund in Blues zone.
9:35 of 1st period - Tyler Johnson is hit by Jimmy Hayes and loses puck.
9:42 of 1st period - Snap shot by Steve Regier.
9:42 of 1st period - Stopped by Carey Price without a rebound.
9:43 of 1st period - Ryan O'Reilly wins face-off versus Eric Staal in Blues zone.
9:43 of 1st period - Ryan O'Reilly is hit by David Backes.
10:06 of 1st period - Icing by Ryan Murray.
10:07 of 1st period - Patrik Berglund wins face-off versus Ryan O'Reilly in Blues zone.
10:14 of 1st period - Slapshot by Alex Pietrangelo.
10:14 of 1st period - Shot Blocked by Alexander Radulov.
10:24 of 1st period - Slapshot by Alexander Semin.
10:24 of 1st period - Shot Misses the Net.
10:41 of 1st period - Wrist shot by David Perron.
10:41 of 1st period - Goal by David Perron - Flames : 1 - Blues : 2.
10:42 of 1st period - Nicklas Backstrom wins face-off versus Eric Staal in neutral zone.
10:55 of 1st period - Snap shot by Tyler Johnson.
10:55 of 1st period - Shot Misses the Net.
10:57 of 1st period - Wrist shot by Filip Forsberg.
10:57 of 1st period - Shot Blocked by Colby Robak.
10:59 of 1st period - Snap shot by Jake Gardiner.
10:59 of 1st period - Deflect By Tyler Johnson.
10:59 of 1st period - Shot Misses the Net.
10:59 of 1st period - Puck is out of play.
11:00 of 1st period - Drew Shore wins face-off versus Patrik Berglund in Flames zone.
11:26 of 1st period - Tyler Johnson is hit by Eric Staal and loses puck.
11:35 of 1st period - Slapshot by Ryan Murray.
11:35 of 1st period - Deflect By Tyler Johnson.
11:35 of 1st period - Stopped by Henrik Lundqvist without a rebound.
11:36 of 1st period - Jimmy Hayes wins face-off versus Drew Shore in Flames zone.
11:36 of 1st period - Jimmy Hayes is hit by Fabian Brunnstrom.
12:03 of 1st period - Snap shot by Nicklas Backstrom.
12:03 of 1st period - Shot Blocked by Christian Folin.
12:21 of 1st period - David Backes is hit by Kevin Hayes and loses puck.
12:43 of 1st period - Wrist shot by David Perron.
12:43 of 1st period - Shot Misses the Net.
13:31 of 1st period - Snap shot by Jimmy Hayes.
13:31 of 1st period - Stopped by Carey Price without a rebound.
13:32 of 1st period - Ryan O'Reilly wins face-off versus Eric Staal in Blues zone.
13:42 of 1st period - Wrist shot by David Perron.
13:42 of 1st period - Stopped by Henrik Lundqvist without a rebound.
13:43 of 1st period - Tyler Johnson wins face-off versus Eric Staal in Flames zone.
14:31 of 1st period - Off-side.
14:32 of 1st period - Colin Wilson wins face-off versus Drew Shore in neutral zone.
14:43 of 1st period - Snap shot by Anthony Mantha.
14:43 of 1st period - Stopped by Henrik Lundqvist without a rebound.
14:44 of 1st period - Nicklas Backstrom wins face-off versus Eric Staal in Flames zone.
15:23 of 1st period - Snap shot by Patrik Berglund.
15:23 of 1st period - Shot Blocked by Jacob Slavin.
15:26 of 1st period - Icing by Ryan O'Reilly.
15:27 of 1st period - Ryan O'Reilly wins face-off versus Eric Staal in Blues zone.
15:38 of 1st period - Wrist shot by Ryan O'Reilly.
15:38 of 1st period - Deflect By David Perron.
15:38 of 1st period - Shot Misses the Net.
15:38 of 1st period - Puck is out of play.
15:39 of 1st period - Nicklas Backstrom wins face-off versus Eric Staal in Flames zone.
15:40 of 1st period - Backhand shot by Tyler Johnson.
15:40 of 1st period - Shot Misses the Net.
15:42 of 1st period - Slapshot by Ryan Murray.
15:42 of 1st period - Shot Hit the Post.
15:44 of 1st period - Snap shot by Nicklas Backstrom.
15:44 of 1st period - Stopped by Henrik Lundqvist without a rebound.
15:45 of 1st period - Nicklas Backstrom wins face-off versus Eric Staal in Flames zone.
15:52 of 1st period - Slapshot by Alex Pietrangelo.
15:52 of 1st period - Stopped by Henrik Lundqvist with a rebound.
15:54 of 1st period - Snap shot by Tyler Johnson.
15:54 of 1st period - Shot Misses the Net.
15:56 of 1st period - Wrist shot by Ryan Murray.
15:56 of 1st period - Shot Misses the Net.
15:58 of 1st period - Slapshot by Ryan Murray.
15:58 of 1st period - Shot Hit the Post.
16:08 of 1st period - Minor Penalty to Eric Staal for Hooking.
16:09 of 1st period - Patrik Berglund wins face-off versus Nicklas Backstrom in Flames zone.
16:20 of 1st period - Wrist shot by David Perron.
16:20 of 1st period - Shot Blocked by Erik Johnson.
18:08 of 1st period - Penalty to Eric Staal is over, Eric Staal is back on ice.
18:16 of 1st period - Steve Regier is hit by Drew Shore and loses puck.
18:25 of 1st period - Anthony Mantha is hit by Eric Staal and loses puck.
18:36 of 1st period - Vincent Lecavalier is hit by Colby Robak and loses puck.
18:43 of 1st period - Derek Meech is hit by Brandon Yip and loses puck.
Goals for this period are 1 for Flames vs 2 for Blues.
Shots for this period are 11 for Flames vs 10 for Blues.

2nd period


0:01 of 2nd period - Eric Staal wins face-off versus Nicklas Backstrom in neutral zone.
0:46 of 2nd period - Off-side.
0:47 of 2nd period - Drew Shore wins face-off versus Colin Wilson in neutral zone.
1:31 of 2nd period - Minor Penalty to David Backes for Hooking.
1:32 of 2nd period - Nicklas Backstrom wins face-off versus Patrik Berglund in Flames zone.
1:41 of 2nd period - Snap shot by David Perron.
1:41 of 2nd period - Stopped by Henrik Lundqvist without a rebound.
1:42 of 2nd period - Patrik Berglund wins face-off versus Nicklas Backstrom in Flames zone.
1:47 of 2nd period - Erik Johnson is hit by Jake Gardiner and loses puck.
2:51 of 2nd period - Icing by Alex Pietrangelo.
2:52 of 2nd period - Nicklas Backstrom wins face-off versus Patrik Berglund in Blues zone.
3:09 of 2nd period - Slapshot by Filip Forsberg.
3:09 of 2nd period - Shot Misses the Net.
3:11 of 2nd period - Slapshot by Filip Forsberg.
3:11 of 2nd period - Shot Misses the Net.
3:13 of 2nd period - Slapshot by Jake Gardiner.
3:13 of 2nd period - Stopped by Henrik Lundqvist without a rebound.
3:14 of 2nd period - Patrik Berglund wins face-off versus Ryan O'Reilly in Flames zone.
3:29 of 2nd period - Snap shot by Kevin Hayes.
3:29 of 2nd period - Stopped by Henrik Lundqvist with a rebound.
3:31 of 2nd period - Penalty to David Backes is over, David Backes is back on ice.
3:37 of 2nd period - Ryan Murray is hit by Brad Marchand and loses puck.
3:48 of 2nd period - Snap shot by Filip Forsberg.
3:48 of 2nd period - Shot Misses the Net.
3:50 of 2nd period - Slapshot by Jacob Slavin.
3:50 of 2nd period - Stopped by Henrik Lundqvist without a rebound.
3:51 of 2nd period - Colin Wilson wins face-off versus Drew Shore in Flames zone.
4:18 of 2nd period - David Ullstrom is hit by Vincent Lecavalier and loses puck.
4:46 of 2nd period - Jacob Slavin is hit by Brad Marchand and loses puck.
5:23 of 2nd period - Wrist shot by Linus Omark.
5:23 of 2nd period - Shot Blocked by Brendan Mikkelson.
5:25 of 2nd period - Wrist shot by Vincent Lecavalier.
5:25 of 2nd period - Stopped by Henrik Lundqvist without a rebound.
5:26 of 2nd period - Vincent Lecavalier wins face-off versus David Backes in Flames zone.
5:26 of 2nd period - Vincent Lecavalier is hit by David Backes.
6:17 of 2nd period - Snap shot by Alexander Radulov.
6:17 of 2nd period - Deflect By David Perron.
6:17 of 2nd period - Stopped by Carey Price with a rebound.
6:19 of 2nd period - Snap shot by Colby Robak.
6:19 of 2nd period - Stopped by Carey Price with a rebound.
6:21 of 2nd period - Slapshot by Colby Robak.
6:21 of 2nd period - Stopped by Carey Price with a rebound.
6:23 of 2nd period - Slapshot by Patrik Berglund.
6:23 of 2nd period - Shot Misses the Net.
6:25 of 2nd period - Slapshot by Derek Meech.
6:25 of 2nd period - Stopped by Carey Price with a rebound.
6:27 of 2nd period - Wrist shot by Patrik Berglund.
6:27 of 2nd period - Stopped by Carey Price with a rebound.
6:43 of 2nd period - Wrist shot by Fabian Brunnstrom.
6:43 of 2nd period - Stopped by Henrik Lundqvist with a rebound.
6:45 of 2nd period - Slapshot by Cody Ceci.
6:45 of 2nd period - Deflect By Fabian Brunnstrom.
6:45 of 2nd period - Shot Misses the Net.
6:45 of 2nd period - Puck is out of play.
6:46 of 2nd period - Eric Staal wins face-off versus Filip Forsberg in Flames zone.
6:59 of 2nd period - Snap shot by David Backes.
6:59 of 2nd period - Shot Misses the Net.
7:01 of 2nd period - Snap shot by Brad Marchand.
7:01 of 2nd period - Stopped by Carey Price without a rebound.
7:02 of 2nd period - Patrik Berglund wins face-off versus Ryan O'Reilly in Blues zone.
7:22 of 2nd period - Icing by Ryan O'Reilly.
7:23 of 2nd period - Eric Staal wins face-off versus Ryan O'Reilly in Blues zone.
7:28 of 2nd period - Wrist shot by Brad Marchand.
7:28 of 2nd period - Stopped by Carey Price with a rebound.
7:50 of 2nd period - Nicklas Backstrom is hit by Patrik Berglund and loses puck.
8:36 of 2nd period - Snap shot by Patrik Berglund.
8:36 of 2nd period - Shot Misses the Net.
8:38 of 2nd period - Slapshot by Erik Johnson.
8:38 of 2nd period - Stopped by Carey Price without a rebound.
8:39 of 2nd period - Eric Staal wins face-off versus Nicklas Backstrom in Blues zone.
8:42 of 2nd period - Backhand shot by David Backes.
8:42 of 2nd period - Shot Misses the Net.
9:06 of 2nd period - David Perron is hit by Colin Wilson and loses puck.
9:18 of 2nd period - Minor Penalty to Christian Folin for Holding.
9:19 of 2nd period - David Perron wins face-off versus Colin Wilson in Flames zone.
9:32 of 2nd period - Snap shot by Tyler Johnson.
9:32 of 2nd period - Deflect By Nicklas Backstrom.
9:32 of 2nd period - Shot Misses the Net.
9:32 of 2nd period - Puck is out of play.
9:33 of 2nd period - Alexander Semin wins face-off versus Nicklas Backstrom in Flames zone.
9:46 of 2nd period - Slapshot by David Perron.
9:46 of 2nd period - Stopped by Henrik Lundqvist without a rebound.
9:47 of 2nd period - Colin Wilson wins face-off versus Nicklas Backstrom in Flames zone.
11:18 of 2nd period - Penalty to Christian Folin is over, Christian Folin is back on ice.
11:37 of 2nd period - Snap shot by Brad Marchand.
11:37 of 2nd period - Goal by Brad Marchand - Flames : 2 - Blues : 2.
11:38 of 2nd period - Colin Wilson wins face-off versus Nicklas Backstrom in neutral zone.
12:05 of 2nd period - Erik Johnson is hit by Martin Marincin and loses puck.
13:04 of 2nd period - Wrist shot by Colin Wilson.
13:04 of 2nd period - Shot Misses the Net.
13:06 of 2nd period - Wrist shot by Jimmy Hayes.
13:06 of 2nd period - Shot Misses the Net.
13:08 of 2nd period - Wrist shot by Steve Regier.
13:08 of 2nd period - Stopped by Carey Price without a rebound.
13:09 of 2nd period - Eric Staal wins face-off versus Tyler Johnson in Blues zone.
13:17 of 2nd period - Minor Penalty to Filip Forsberg for Hooking.
13:18 of 2nd period - Drew Shore wins face-off versus Eric Staal in Blues zone.
13:23 of 2nd period - Wrist shot by Alexander Semin.
13:23 of 2nd period - Shot Misses the Net.
13:25 of 2nd period - Slapshot by Colby Robak.
13:25 of 2nd period - Stopped by Carey Price with a rebound.
15:10 of 2nd period - Cody Ceci is hit by Alexander Semin and loses puck.
15:17 of 2nd period - Penalty to Filip Forsberg is over, Filip Forsberg is back on ice.
15:21 of 2nd period - Erik Johnson is hit by Cody Ceci and loses puck.
16:20 of 2nd period - Slapshot by Drew Shore.
16:20 of 2nd period - Shot Misses the Net.
17:54 of 2nd period - Tyler Johnson is hit by David Backes and loses puck.
18:11 of 2nd period - Snap shot by Vincent Lecavalier.
18:11 of 2nd period - Stopped by Henrik Lundqvist with a rebound.
18:13 of 2nd period - Snap shot by Linus Omark.
18:13 of 2nd period - Shot Misses the Net.
18:15 of 2nd period - Snap shot by Vincent Lecavalier.
18:15 of 2nd period - Stopped by Henrik Lundqvist without a rebound.
18:16 of 2nd period - Anders Lee wins face-off versus Ryan O'Reilly in Flames zone.
18:21 of 2nd period - Slapshot by Erik Johnson.
18:21 of 2nd period - Stopped by Carey Price without a rebound.
18:22 of 2nd period - Ryan O'Reilly wins face-off versus Eric Staal in Blues zone.
18:22 of 2nd period - Ryan O'Reilly is hit by Eric Staal.
18:53 of 2nd period - Wrist shot by Ryan O'Reilly.
18:53 of 2nd period - Deflect By David Perron.
18:53 of 2nd period - Stopped by Henrik Lundqvist with a rebound.
18:55 of 2nd period - Snap shot by Ryan O'Reilly.
18:55 of 2nd period - Deflect By Kevin Hayes.
18:55 of 2nd period - Shot Misses the Net.
18:55 of 2nd period - Puck is out of play.
18:56 of 2nd period - Nicklas Backstrom wins face-off versus Patrik Berglund in Flames zone.
19:27 of 2nd period - Slapshot by Steve Regier.
19:27 of 2nd period - Stopped by Carey Price without a rebound.
19:28 of 2nd period - Ryan O'Reilly wins face-off versus Colin Wilson in Blues zone.
19:28 of 2nd period - Ryan O'Reilly is hit by Christian Folin.
19:31 of 2nd period - Minor Penalty to Ryan O'Reilly for Holding.
19:32 of 2nd period - Drew Shore wins face-off versus Eric Staal in Blues zone.
19:44 of 2nd period - Snap shot by Eric Staal.
19:44 of 2nd period - Shot Misses the Net.
19:46 of 2nd period - Wrist shot by Eric Staal.
19:46 of 2nd period - Shot Misses the Net.
19:48 of 2nd period - Slapshot by Erik Johnson.
19:48 of 2nd period - Deflect By Alexander Radulov.
19:48 of 2nd period - Stopped by Carey Price without a rebound.
19:49 of 2nd period - Drew Shore wins face-off versus Eric Staal in Blues zone.
0:00 of 3rd period - Minor Penalty to Martin Marincin for High sticking.
Goals for this period are 1 for Flames vs 0 for Blues.
Shots for this period are 14 for Flames vs 10 for Blues.

3rd period


0:01 of 3rd period - Eric Staal wins face-off versus Nicklas Backstrom in neutral zone.
0:04 of 3rd period - Backhand shot by Sami Vatanen.
0:04 of 3rd period - Deflect By Eric Staal.
0:04 of 3rd period - Shot Misses the Net.
0:04 of 3rd period - Puck is out of play.
0:05 of 3rd period - Nicklas Backstrom wins face-off versus Eric Staal in Blues zone.
0:54 of 3rd period - Jacob Slavin is hit by Brad Marchand and loses puck.
1:13 of 3rd period - Snap shot by Brad Marchand.
1:13 of 3rd period - Stopped by Carey Price with a rebound.
1:15 of 3rd period - Snap shot by Brad Marchand.
1:15 of 3rd period - Goal by Brad Marchand - Flames : 3 - Blues : 2.
1:16 of 3rd period - Drew Shore wins face-off versus Eric Staal in neutral zone.
1:23 of 3rd period - Drew Shore is hit by Colby Robak and loses puck.
2:00 of 3rd period - Penalty to Martin Marincin is over, Martin Marincin is back on ice.
3:15 of 3rd period - Alexander Radulov is hit by Kevin Hayes and loses puck.
3:38 of 3rd period - Ryan Murray is hit by Kyle Palmieri and loses puck.
3:49 of 3rd period - Steve Regier is hit by Tyler Johnson and loses puck.
4:06 of 3rd period - Backhand shot by Martin Marincin.
4:06 of 3rd period - Shot Misses the Net.
4:10 of 3rd period - Slapshot by Fabian Brunnstrom.
4:10 of 3rd period - Shot Blocked by Eric Staal.
4:12 of 3rd period - Wrist shot by Fabian Brunnstrom.
4:12 of 3rd period - Shot Misses the Net.
4:14 of 3rd period - Slapshot by Jake Gardiner.
4:14 of 3rd period - Shot Misses the Net.
4:16 of 3rd period - Slapshot by Jake Gardiner.
4:16 of 3rd period - Stopped by Henrik Lundqvist without a rebound.
4:17 of 3rd period - Nicklas Backstrom wins face-off versus Patrik Berglund in Flames zone.
4:50 of 3rd period - Snap shot by Ryan Murray.
4:50 of 3rd period - Shot Blocked by Brendan Mikkelson.
4:52 of 3rd period - Snap shot by Kevin Hayes.
4:52 of 3rd period - Shot Misses the Net.
4:54 of 3rd period - Snap shot by David Perron.
4:54 of 3rd period - Shot Misses the Net.
4:56 of 3rd period - Slapshot by Ryan Murray.
4:56 of 3rd period - Stopped by Henrik Lundqvist with a rebound.
4:58 of 3rd period - Slapshot by Alex Pietrangelo.
4:58 of 3rd period - Stopped by Henrik Lundqvist with a rebound.
5:00 of 3rd period - Snap shot by Ryan Murray.
5:00 of 3rd period - Shot Misses the Net.
5:08 of 3rd period - David Backes is hit by Jake Gardiner and loses puck.
5:24 of 3rd period - Erik Johnson is hit by Jake Gardiner and loses puck.
5:55 of 3rd period - Slapshot by Alex Pietrangelo.
5:55 of 3rd period - Stopped by Henrik Lundqvist without a rebound.
5:56 of 3rd period - Patrik Berglund wins face-off versus Nicklas Backstrom in Flames zone.
6:31 of 3rd period - Slapshot by Jimmy Hayes.
6:31 of 3rd period - Stopped by Carey Price without a rebound.
6:32 of 3rd period - Patrik Berglund wins face-off versus Filip Forsberg in Blues zone.
7:00 of 3rd period - Anthony Mantha is hit by Colin Wilson and loses puck.
8:05 of 3rd period - Snap shot by Fabian Brunnstrom.
8:05 of 3rd period - Goal by Fabian Brunnstrom - Flames : 3 - Blues : 3.
8:06 of 3rd period - Nicklas Backstrom wins face-off versus Eric Staal in neutral zone.
8:09 of 3rd period - Brad Marchand is hit by Filip Forsberg and loses puck.
8:20 of 3rd period - Wrist shot by Nicklas Backstrom.
8:20 of 3rd period - Deflect By Tyler Johnson.
8:20 of 3rd period - Shot Misses the Net.
8:20 of 3rd period - Puck is out of play.
8:21 of 3rd period - Nicklas Backstrom wins face-off versus Patrik Berglund in Flames zone.
8:31 of 3rd period - Slapshot by Alex Pietrangelo.
8:31 of 3rd period - Shot Blocked by Sami Vatanen.
8:47 of 3rd period - Snap shot by Jimmy Hayes.
8:47 of 3rd period - Stopped by Carey Price with a rebound.
8:49 of 3rd period - Slapshot by Colby Robak.
8:49 of 3rd period - Shot Misses the Net.
8:51 of 3rd period - Snap shot by Colin Wilson.
8:51 of 3rd period - Shot Misses the Net.
8:53 of 3rd period - Snap shot by Steve Regier.
8:53 of 3rd period - Shot Blocked by Tyler Johnson.
8:55 of 3rd period - Snap shot by Steve Regier.
8:55 of 3rd period - Shot Misses the Net.
8:57 of 3rd period - Backhand shot by Steve Regier.
8:57 of 3rd period - Stopped by Carey Price with a rebound.
8:59 of 3rd period - Wrist shot by Jimmy Hayes.
8:59 of 3rd period - Stopped by Carey Price with a rebound.
9:11 of 3rd period - Slapshot by Ryan O'Reilly.
9:11 of 3rd period - Stopped by Henrik Lundqvist without a rebound.
9:12 of 3rd period - Eric Staal wins face-off versus Ryan O'Reilly in Flames zone.
9:27 of 3rd period - Snap shot by Eric Staal.
9:27 of 3rd period - Stopped by Carey Price without a rebound.
9:28 of 3rd period - Alexander Radulov wins face-off versus Anthony Mantha in Blues zone.
9:31 of 3rd period - Wrist shot by Patrik Berglund.
9:31 of 3rd period - Deflect By Alexander Radulov.
9:31 of 3rd period - Deflect By Jacob Slavin.
9:31 of 3rd period - Stopped by Carey Price without a rebound.
9:32 of 3rd period - Drew Shore wins face-off versus Patrik Berglund in Blues zone.
9:34 of 3rd period - Icing by Jacob Slavin.
9:35 of 3rd period - Drew Shore wins face-off versus Patrik Berglund in Blues zone.
10:10 of 3rd period - Wrist shot by Anthony Mantha.
10:10 of 3rd period - Shot Misses the Net.
10:22 of 3rd period - Snap shot by Patrik Berglund.
10:22 of 3rd period - Stopped by Carey Price without a rebound.
10:23 of 3rd period - Nicklas Backstrom wins face-off versus Eric Staal in Blues zone.
10:23 of 3rd period - Nicklas Backstrom is hit by Eric Staal.
11:04 of 3rd period - Snap shot by Brad Marchand.
11:04 of 3rd period - Shot Misses the Net.
11:30 of 3rd period - Wrist shot by Vincent Lecavalier.
11:30 of 3rd period - Stopped by Henrik Lundqvist without a rebound.
11:31 of 3rd period - Nicklas Backstrom wins face-off versus Patrik Berglund in Flames zone.
11:32 of 3rd period - Wrist shot by Tyler Johnson.
11:32 of 3rd period - Stopped by Henrik Lundqvist with a rebound.
12:22 of 3rd period - Anders Lee is hit by Martin Marincin.
12:44 of 3rd period - Wrist shot by Alexander Semin.
12:44 of 3rd period - Stopped by Carey Price with a rebound.
12:55 of 3rd period - Minor Penalty to Brandon Yip for Hooking.
12:56 of 3rd period - Eric Staal wins face-off versus Drew Shore in Blues zone.
14:33 of 3rd period - Filip Forsberg is hit by Brad Marchand.
14:55 of 3rd period - Penalty to Brandon Yip is over, Brandon Yip is back on ice.
16:39 of 3rd period - Minor Penalty to Colby Robak for Hooking.
16:40 of 3rd period - Colin Wilson wins face-off versus Nicklas Backstrom in Flames zone.
16:56 of 3rd period - Patrik Berglund is hit by Tyler Johnson and loses puck.
17:07 of 3rd period - Snap shot by Filip Forsberg.
17:07 of 3rd period - Shot Misses the Net.
17:09 of 3rd period - Backhand shot by Ryan O'Reilly.
17:09 of 3rd period - Shot Blocked by Erik Johnson.
17:11 of 3rd period - Slapshot by Ryan O'Reilly.
17:11 of 3rd period - Stopped by Henrik Lundqvist with a rebound.
17:15 of 3rd period - Wrist shot by Ryan O'Reilly.
17:15 of 3rd period - Stopped by Henrik Lundqvist without a rebound.
17:16 of 3rd period - Colin Wilson wins face-off versus Nicklas Backstrom in Flames zone.
17:29 of 3rd period - Snap shot by Tyler Johnson.
17:29 of 3rd period - Shot Blocked by Derek Meech.
17:31 of 3rd period - Backhand shot by Nicklas Backstrom.
17:31 of 3rd period - Goal by Nicklas Backstrom - Flames : 3 - Blues : 4.
17:32 of 3rd period - Drew Shore wins face-off versus Colin Wilson in neutral zone.
17:41 of 3rd period - Snap shot by Fabian Brunnstrom.
17:41 of 3rd period - Stopped by Henrik Lundqvist without a rebound.
17:42 of 3rd period - Colin Wilson wins face-off versus Drew Shore in Flames zone.
17:42 of 3rd period - Colin Wilson is hit by Fabian Brunnstrom.
18:30 of 3rd period - Slapshot by Alex Pietrangelo.
18:30 of 3rd period - Shot Misses the Net.
18:54 of 3rd period - Wrist shot by Drew Shore.
18:54 of 3rd period - Stopped by Henrik Lundqvist without a rebound.
18:55 of 3rd period - Lindy Ruff call a timeout for Flames.
18:55 of 3rd period - Kevin Hayes wins face-off versus Eric Staal in Flames zone.
18:59 of 3rd period - Minor Penalty to David Backes for Interference.
19:00 of 3rd period - Nicklas Backstrom wins face-off versus Patrik Berglund in Flames zone.
19:02 of 3rd period - Slapshot by David Perron.
19:02 of 3rd period - Stopped by Henrik Lundqvist with a rebound.
19:14 of 3rd period - Slapshot by Jake Gardiner.
19:14 of 3rd period - Shot Misses the Net.
Goals for this period are 1 for Flames vs 2 for Blues.
Shots for this period are 10 for Flames vs 14 for Blues.